 Dungeon Crawl Stone Soup version 0.29.0-11-gd7f09526c8 (webtiles) character file.

Game seed: 9633241542519739531

49 doricub5 the Trooper (level 3, -1/29 HPs)
             Began as a Demonspawn Abyssal Knight on Sept 3, 2022.
             Was a Priest of Lugonu.
             Slain by Grinder (7 damage)
             ... while paralysed by Grinder
             ... on level 3 of the Dungeon.
             The game lasted 00:05:06 (2671 turns).

doricub5 the Trooper (Demonspawn Abyssal Knight)    Turns: 2671, Time: 00:05:06

Health: -1/29      AC: 11    Str: 15    XL:     3   Next: 51%
Magic:  5/5        EV:  2    Int: 11    God:    Lugonu [***...]
Gold:   159        SH:  0    Dex: 13    Spells: 2/2 levels left

rFire   . . .      SeeInvis .   a - +1 falchion
rCold   . . .      Faith    .   k - +0 kite shield
rNeg    . . .      Spirit   .   d - +0 chain mail
rPois   .          Reflect  .   n - +0 helmet
rElec   .          Harm     .   (no cloak)
rCorr   .          Rampage  .   (no gloves)
Will    .....                   o - +0 pair of boots
Stlth   ..........              (no amulet)
HPRegen 0.09/turn               q - ring of flight
MPRegen 0.09/turn               (no ring)

@: paralysed, flying
A: rugged brown scales 1, powered by death 1
a: Renounce Religion, Depart the Abyss, Bend Space, Banish


You were on level 3 of the Dungeon.
You worshipped Lugonu.
Lugonu was most pleased with you.
You visited 1 branch of the dungeon, and saw 3 of its levels.
You visited the Abyss 1 time.

You collected 159 gold pieces.

Inventory:

Hand Weapons
 a - a +1 falchion (weapon)
Armour
 d - a +0 chain mail (worn)
 k - a +0 kite shield (worn)
 n - a +0 helmet (worn)
 o - a +0 pair of boots (worn)
Jewellery
 q - a ring of flight (left hand)
Wands
 r - a wand of polymorph (10)
Scrolls
 f - a scroll of enchant weapon {unknown}
 h - a scroll of butterflies {unknown}
 j - a scroll of fear {unknown}
 l - a scroll of poison {unknown}
 m - a scroll of brand weapon {unknown}
 p - 2 scrolls of identify {unknown}
 s - a scroll of vulnerability {unknown}
Potions
 b - 2 potions of curing {unknown}
 c - a potion of ambrosia {unknown}
 e - a potion of mutation {unknown}
 g - a potion of degeneration {unknown}
 i - 2 potions of heal wounds {unknown}


   Skills:
 * Level 3.5 Fighting
 + Level 2.1 Long Blades
 + Level 2.1 Armour
 + Level 1.4 Dodging
 + Level 0.2 Shields
 + Level 3.0 Invocations


You had 2 spell levels left.
You didn't know any spells.
Your spell library was empty.

Dungeon Overview and Level Annotations

Branches:
Dungeon (3/15)

Altars:

Annotations:
D:3 Grinder


Innate Abilities, Weirdness & Mutations

You are partially covered in rugged brown scales. (AC +1, +3% HP)
You regenerate a little health from kills.


Message History

You barely resist. You closely miss Grinder.
Grinder is heavily wounded.
Grinder blinks!
You block Grinder's attack.
You barely miss Grinder.
Grinder is heavily wounded.
Grinder completely misses you. You block Grinder's attack.
You hit Grinder but do no damage.
Grinder is heavily wounded.
Grinder hits you but does no damage.
You barely miss Grinder.
Grinder is heavily wounded.
Grinder hits you but does no damage.
You hit Grinder.
Grinder is severely wounded.
Grinder hits you but does no damage. Grinder hits you.
You writhe in agony.
You closely miss Grinder.
Grinder is severely wounded.
Grinder hits you but does no damage.
You hit Grinder.
Grinder is severely wounded.
Grinder hits you. Grinder hits you but does no damage.
You hit Grinder.
Grinder is severely wounded.
You block Grinder's attack.
You hit Grinder.
Grinder is severely wounded.
Grinder hits you.
You closely miss Grinder.
Grinder is severely wounded.
Grinder hits you.
You writhe in agony.
* * * LOW HITPOINT WARNING * * *
Grinder gestures at you.
You suddenly lose the ability to move!
Grinder hits you but does no damage. Grinder gestures at you.
You shrug off the repeated paralysis!
Grinder hits you!
You die...

♣ ♣♣♣### ♣)♣....##
♣..♣...## ...#
♣♣PP....# ....
♣♣P....# ##..####
♣♣##..#### #......#
#.....# #......#
#...@.# #......#
#....5###......##+###
#..............#.....
#..............#.....
#..............+.....
#.....#.....#.##.)...
#.....#.....#.###+##<
#.....#.....#........
#.....#.....#.#.#.##.


You could see Grinder.

Vanquished Creatures
  2 worms (D:2)
  2 ball pythons
  7 endoplasms
  2 giant cockroaches
  2 goblins (D:2)
  2 hobgoblins (D:1)
  2 jackals (D:1)
  3 quokkas (D:1)
  2 bats (D:1)
  4 frilled lizards
  7 kobolds
  4 rats
39 creatures vanquished.

Vanquished Creatures (others)
  2 fungi (D:3)
2 creatures vanquished.

Grand Total: 41 creatures vanquished

Notes
Turn   | Place    | Note
-------+----------+-------------------------------------------
     0 | Abyss:1  | doricub5 the Demonspawn Abyssal Knight began the quest for
                  | the Orb.
     0 | Abyss:1  | Reached XP level 1. HP: 18/18 MP: 2/2
    19 | Abyss:1  | Found a corrupted altar of Lugonu.
    32 | D:1      | Escaped the Abyss
   112 | D:1      | Reached skill level 1 in Dodging
   520 | D:1      | Gained mutation: You are partially covered in rugged brown
                  | scales. (AC +1, +3% HP) [demonic ancestry]
   520 | D:1      | Reached XP level 2. HP: 18/24 MP: 3/3
  1296 | D:2      | Gained mutation: You regenerate a little health from kills.
                  | [demonic ancestry]
  1296 | D:2      | Reached XP level 3. HP: 29/29 MP: 5/5
  1318 | D:2      | Found a faded altar of an unknown god.
  1809 | D:2      | Reached *** piety under Lugonu
  2635 | D:3      | Noticed Grinder
  2645 | D:3      | Paralysed by Grinder for 4 turns
  2668 | D:3      | Paralysed by Grinder for 4 turns
  2671 | D:3      | Slain by Grinder

Illustrated notes

Levels and vault maps discovered:
D:1:      dpeg_arrival_lava_temple_mockup, layout_loops_cross
D:2:      layout_basic, hellmonk_ecumenical_altar_pennies_from_heaven
D:3:      layout_basic, interstate_on_off, uniq_crazy_yiuf_cottage,
          uniq_grinder, uniq_jessica

Skill      XL: |  1  2  3 |
---------------+----------+-----
Dodging        | 1 |  1.4
Long Blades    | 2 |  2.1
Armour         | 2 |  2.1
Invocations    | 3 |  3.0
Fighting       | |  3.5
Shields        | |  0.2

Action                   || total
-------------------------++-------
Melee: Falchion          ||   163
       Punch             ||     1
Armor: Chain mail        ||    97
Dodge: Dodged            ||    36
Block: Kite shield       ||    17
